IL
RENO ACES @ MEMPHIS REDBIRDS
08/31/2049
 
TOP OF THE 1ST
Reno Aces batting - Pitching for Memphis Redbirds : RHP Paul Schwartz
Pitching: RHP Paul Schwartz
Batting: LHB Willie Gutierrez 0-0: Called Strike
0-1: Swinging Strike
0-2: Foul Ball, location: 2F
0-2: Strikes out swinging
Batting: RHB Jesus Galvan 0-0: Ball
1-0: Called Strike
1-1: Ball
2-1: Foul Ball, location: 2F
2-2: Strikes out swinging
Batting: RHB Enrique Juarez 0-0: Ball
1-0: Foul Ball, location: 2F
1-1: SOLO HOME RUN (Flyball, 89XD, EV 105.0 MPH), Distance : 418 ft
Batting: LHB Jeff Densmore 0-0: Foul Ball, location: 2F
0-1: Ball
1-1: Called Strike
1-2: Strikes out looking
Top of the 1st over - 1 run, 1 hit, 0 errors, 0 left on base; Reno 1 - Memphis 0
BOTTOM OF THE 1ST
Memphis Redbirds batting - Pitching for Reno Aces : RHP Marcos Tejeda
Pitching: RHP Marcos Tejeda
Batting: LHB Tsutomu Miyahara 0-0: Foul Ball, location: 2F
0-1: Ball
1-1: SINGLE (Line Drive, 7S, EV 94.4 MPH)
Batting: LHB Adam Eisen 0-0: Ball
1-0: Foul Ball, location: 2F
1-1: Ball
2-1: Reached on error, E5 (Groundball, 5, EV 86.9 MPH)
Tsutomu Miyahara to second
Batting: RHB Andres Mendiola 0-0: Swinging Strike
0-1: SINGLE (Line Drive, 56D, EV 101.9 MPH)
Tsutomu Miyahara to third
Adam Eisen to second
Runner from 3rd tries for Home, SAFE, throw by LF to home
Batting: RHB Pablo Nunez 0-0: Ball
1-0: Ball
2-0: Fielders Choice at 2nd, 6-4 (Groundball, 6, EV 90.6 MPH)
Adam Eisen to third
Batting: RHB McGwire Jones 0-0: Ball
1-0: Called Strike
1-1: Swinging Strike
1-2: Foul Ball, location: 2F
1-2: Fly out, F8 (Flyball, 8LM, EV 75.0 MPH)
Batting: RHB Fabrice Bertin 0-0: Ball
1-0: Called Strike
1-1: Swinging Strike
1-2: Ball
2-2: Foul Ball, location: 2F
2-2: Foul Ball, location: 2F
2-2: SINGLE (Groundball, 6M, EV 105.6 MPH) (infield hit)
Adam Eisen scores
Pablo Nunez to second
Batting: RHB Mark Cahill 0-0: Swinging Strike
0-1: Ball
1-1: Called Strike
1-2: Ball
2-2: Ground out 4-3 (Groundball, 4, EV 107.5 MPH)
Bottom of the 1st over - 2 runs, 3 hits, 1 error, 2 left on base; Reno 1 - Memphis 2
TOP OF THE 2ND
Reno Aces batting - Pitching for Memphis Redbirds : RHP Paul Schwartz
Batting: LHB Rich Butler 0-0: Foul Ball, location: 2F
0-1: Foul Ball, location: 2F
0-2: Ball
1-2: Ball
2-2: Strikes out looking
Batting: LHB Soo-yeon Kym 0-0: Ball
1-0: Foul Ball, location: 2F
1-1: Ball
2-1: Foul Ball, location: 2F
2-2: Foul Ball, location: 2F
2-2: Ball
3-2: Foul Ball, location: 2F
3-2: SINGLE (Groundball, 4MD, EV 95.6 MPH)
Batting: RHB Danny Gerardo 0-0: Called Strike
0-1: Ball
1-1: Swinging Strike
1-2: Ball
2-2: Ball
3-2: Strikes out swinging
Batting: LHB Brad Ritter 0-0: Ball
1-0: SINGLE (Line Drive, 5D, EV 98.8 MPH)
Soo-yeon Kym to second
Batting: RHB Justin Aslinger 0-0: Swinging Strike
0-1: Ball
1-1: Foul Ball, location: 2F
1-2: Ball
2-2: Fly out, F9 (Flyball, 89M, EV 85.0 MPH)
Top of the 2nd over - 0 runs, 2 hits, 0 errors, 2 left on base; Reno 1 - Memphis 2
BOTTOM OF THE 2ND
Memphis Redbirds batting - Pitching for Reno Aces : RHP Marcos Tejeda
Batting: RHB Joe LaDue 0-0: SINGLE (Groundball, 56D, EV 85.6 MPH) (infield hit)
Batting: RHB William Lung 0-0: Ball
Joe LaDue steals 2nd base
1-0: Ball
2-0: Ball
3-0: Base on Balls
Batting: LHB Tsutomu Miyahara 0-0: Grounds into double play, 3-6-3 (Groundball, 3, EV 100.0 MPH)
Joe LaDue to third
Batting: LHB Adam Eisen 0-0: Ball
1-0: Called Strike
1-1: Called Strike
1-2: Fly out, F6 (Popup, 6M, EV 58.8 MPH)
Bottom of the 2nd over - 0 runs, 1 hit, 0 errors, 1 left on base; Reno 1 - Memphis 2
TOP OF THE 3RD
Reno Aces batting - Pitching for Memphis Redbirds : RHP Paul Schwartz
Batting: LHB Willie Gutierrez 0-0: Ball
1-0: Swinging Strike
1-1: Ball
2-1: SOLO HOME RUN (Flyball, 9D, EV 100.0 MPH), Distance : 376 ft
Batting: RHB Jesus Galvan 0-0: Ball
1-0: Fly out, F9 (Flyball, 9D, EV 87.5 MPH)
Batting: RHB Enrique Juarez 0-0: Ball
1-0: Foul Ball, location: 2F
1-1: Ground out 5-3 (Groundball, 56S, EV 89.4 MPH)
Batting: LHB Jeff Densmore 0-0: Called Strike
0-1: Swinging Strike
0-2: Foul Ball, location: 2F
0-2: Strikes out swinging
Top of the 3rd over - 1 run, 1 hit, 0 errors, 0 left on base; Reno 2 - Memphis 2
BOTTOM OF THE 3RD
Memphis Redbirds batting - Pitching for Reno Aces : RHP Marcos Tejeda
Batting: RHB Andres Mendiola 0-0: Ball
1-0: Ground out U3 (Groundball, 34, EV 85.0 MPH)
Batting: RHB Pablo Nunez 0-0: Swinging Strike
0-1: Ball
1-1: Ball
2-1: Fly out, F5 (Popup, 56S, EV 65.6 MPH)
Batting: RHB McGwire Jones 0-0: Ball
1-0: Ball
2-0: Ball
3-0: Base on Balls
Batting: RHB Fabrice Bertin 0-0: Ball
1-0: Called Strike
1-1: Swinging Strike
1-2: Foul Ball, location: 2F
1-2: Foul Ball, location: 2F
1-2: Fielders Choice at 2nd, 6-4 (Groundball, 6, EV 88.8 MPH)
Bottom of the 3rd over - 0 runs, 0 hits, 0 errors, 1 left on base; Reno 2 - Memphis 2
TOP OF THE 4TH
Reno Aces batting - Pitching for Memphis Redbirds : RHP Paul Schwartz
Batting: LHB Rich Butler 0-0: Ball
1-0: Foul Ball, location: 2F
1-1: Fly out, F8 (Flyball, 8LXD, EV 101.2 MPH)
Batting: LHB Soo-yeon Kym 0-0: Called Strike
0-1: Ball
1-1: Ball
2-1: Ground out U3 (Groundball, 3, EV 102.5 MPH)
Batting: RHB Danny Gerardo 0-0: Ball
1-0: Foul Ball, location: 2F
1-1: Foul Ball, location: 2F
1-2: Ground out 6-3 (Groundball, 6, EV 83.8 MPH)
Top of the 4th over - 0 runs, 0 hits, 0 errors, 0 left on base; Reno 2 - Memphis 2
BOTTOM OF THE 4TH
Memphis Redbirds batting - Pitching for Reno Aces : RHP Marcos Tejeda
Batting: RHB Mark Cahill 0-0: Ball
1-0: Ball
2-0: Ball
3-0: Called Strike
3-1: Swinging Strike
3-2: Ground out 5-3 (Groundball, 56, EV 106.9 MPH)
Batting: RHB Joe LaDue 0-0: Foul Ball, location: 2F
0-1: Swinging Strike
0-2: Ball
1-2: Strikes out swinging
Batting: RHB William Lung 0-0: Called Strike
0-1: Foul Ball, location: 2F
0-2: Ball
1-2: Strikes out swinging
Bottom of the 4th over - 0 runs, 0 hits, 0 errors, 0 left on base; Reno 2 - Memphis 2
TOP OF THE 5TH
Reno Aces batting - Pitching for Memphis Redbirds : RHP Paul Schwartz
Batting: LHB Brad Ritter 0-0: Ground out 6-3 (Groundball, 6, EV 86.2 MPH)
Batting: RHB Justin Aslinger 0-0: Swinging Strike
0-1: Ground out 4-3 (Groundball, 4, EV 90.0 MPH)
Batting: LHB Willie Gutierrez 0-0: Foul Ball, location: 2F
0-1: Fly out, F4 (Line Drive, 4D, EV 66.9 MPH)
Top of the 5th over - 0 runs, 0 hits, 0 errors, 0 left on base; Reno 2 - Memphis 2
BOTTOM OF THE 5TH
Memphis Redbirds batting - Pitching for Reno Aces : RHP Marcos Tejeda
Batting: LHB Tsutomu Miyahara 0-0: Called Strike
0-1: Swinging Strike
0-2: SINGLE (Groundball, 3D, EV 108.8 MPH)
Batting: LHB Adam Eisen 0-0: Ball
1-0: Called Strike
1-1: Swinging Strike
1-2: Fielders Choice at 2nd, 4-6 (Groundball, 4, EV 101.9 MPH)
Batting: RHB Andres Mendiola 0-0: Ball
1-0: Foul Ball, location: 2F
1-1: Called Strike
1-2: Ball
2-2: Ball
3-2: Fly out, F4 (Popup, 34, EV 51.2 MPH)
Batting: RHB Pablo Nunez 0-0: Called Strike
0-1: Called Strike
0-2: Strikes out looking
Bottom of the 5th over - 0 runs, 1 hit, 0 errors, 1 left on base; Reno 2 - Memphis 2
TOP OF THE 6TH
Reno Aces batting - Pitching for Memphis Redbirds : RHP Paul Schwartz
Batting: RHB Jesus Galvan 0-0: Called Strike
0-1: Ball
1-1: Ball
2-1: Ball
3-1: Base on Balls
Batting: RHB Enrique Juarez 0-0: SINGLE (Groundball, 56D, EV 107.5 MPH)
Jesus Galvan to second
Batting: LHB Jeff Densmore 0-0: Ball
1-0: Ball
2-0: SINGLE (Line Drive, 6M, EV 103.8 MPH)
Jesus Galvan to third
Enrique Juarez to second
Batting: LHB Rich Butler 0-0: Foul Ball, location: 2F
0-1: Ball
1-1: Swinging Strike
1-2: SINGLE (Groundball, 4MD, EV 100.0 MPH)
Jesus Galvan scores
Enrique Juarez to third
Jeff Densmore to second
Batting: LHB Soo-yeon Kym 0-0: Ball
1-0: GRAND SLAM HOME RUN (Flyball, 8RXD, EV 108.8 MPH), Distance : 429 ft
Pitching: RHP Mike Tallerico
Batting: RHB Danny Gerardo 0-0: Ground out 5-3 (Groundball, 56, EV 84.4 MPH)
Batting: LHB Brad Ritter 0-0: Called Strike
0-1: Swinging Strike
0-2: Strikes out swinging
Batting: RHB Justin Aslinger 0-0: Called Strike
0-1: Swinging Strike
0-2: Strikes out swinging
Top of the 6th over - 5 runs, 4 hits, 0 errors, 0 left on base; Reno 7 - Memphis 2
BOTTOM OF THE 6TH
Memphis Redbirds batting - Pitching for Reno Aces : RHP Marcos Tejeda
Batting: RHB McGwire Jones 0-0: Called Strike
0-1: Ball
1-1: Ball
2-1: Ground out 5-3 (Groundball, 56D, EV 90.0 MPH)
Batting: RHB Fabrice Bertin 0-0: Foul Ball, location: 2F
0-1: Ball
1-1: Foul Ball, location: 2F
1-2: Ball
2-2: Foul Ball, location: 2F
2-2: Ground out 4-3 (Groundball, 4, EV 105.0 MPH)
Batting: RHB Mark Cahill 0-0: SOLO HOME RUN (Flyball, 89XD, EV 107.5 MPH), Distance : 399 ft
Batting: RHB Joe LaDue 0-0: Called Strike
0-1: Foul Ball, location: 2F
0-2: Strikes out swinging
Bottom of the 6th over - 1 run, 1 hit, 0 errors, 0 left on base; Reno 7 - Memphis 3
TOP OF THE 7TH
Reno Aces batting - Pitching for Memphis Redbirds : RHP Mike Tallerico
Batting: LHB Willie Gutierrez 0-0: Ball
1-0: Ball
2-0: Called Strike
2-1: Swinging Strike
2-2: Ball
3-2: Fly out, F9 (Flyball, 9, EV 78.1 MPH)
Batting: RHB Jesus Galvan 0-0: Ball
1-0: Ball
2-0: Foul Ball, location: 2F
2-1: Ball
3-1: Foul Ball, location: 2F
3-2: Fly out, F9 (Line Drive, 89D, EV 96.2 MPH)
Batting: RHB Enrique Juarez 0-0: Ball
1-0: Called Strike
1-1: Called Strike
1-2: Strikes out swinging
Top of the 7th over - 0 runs, 0 hits, 0 errors, 0 left on base; Reno 7 - Memphis 3
BOTTOM OF THE 7TH
Memphis Redbirds batting - Pitching for Reno Aces : RHP Marcos Tejeda
Batting: RHB William Lung 0-0: Ball
1-0: Ball
2-0: Ball
3-0: Called Strike
3-1: Foul Ball, location: 2F
3-2: Ground out 5-3 (Groundball, 56S, EV 64.4 MPH)
Pitching: RHP Elvis Diaz
Batting: LHB Tsutomu Miyahara 0-0: Called Strike
0-1: Ball
1-1: Foul Ball, location: 2F
1-2: Foul Ball, location: 2F
1-2: Ground out 1-3 (Groundball, 13S, EV 66.9 MPH)
Batting: LHB Adam Eisen 0-0: Ground out 6-3 (Groundball, 6, EV 75.0 MPH)
Bottom of the 7th over - 0 runs, 0 hits, 0 errors, 0 left on base; Reno 7 - Memphis 3
TOP OF THE 8TH
Reno Aces batting - Pitching for Memphis Redbirds : RHP Mike Tallerico
Pitching: RHP Dave Reisinger
Batting: LHB Jeff Densmore 0-0: Called Strike
0-1: Foul Ball, location: 2F
0-2: Strikes out looking
Batting: LHB Rich Butler 0-0: Called Strike
0-1: Ball
1-1: Swinging Strike
1-2: Ball
2-2: Ball
3-2: Foul Ball, location: 2F
3-2: Strikes out swinging
Batting: LHB Soo-yeon Kym 0-0: Ball
1-0: Called Strike
1-1: Ball
2-1: Foul Ball, location: 2F
2-2: Strikes out swinging
Top of the 8th over - 0 runs, 0 hits, 0 errors, 0 left on base; Reno 7 - Memphis 3
BOTTOM OF THE 8TH
Memphis Redbirds batting - Pitching for Reno Aces : RHP Elvis Diaz
Batting: RHB Andres Mendiola 0-0: Called Strike
0-1: Foul Ball, location: 2F
0-2: Ball
1-2: Foul Ball, location: 2F
1-2: Foul Ball, location: 2F
1-2: Foul Ball, location: 2F
1-2: Strikes out swinging
Batting: RHB Pablo Nunez 0-0: Ball
1-0: Called Strike
1-1: Swinging Strike
1-2: Ball
2-2: Ball
3-2: Strikes out swinging
Batting: RHB McGwire Jones 0-0: Called Strike
0-1: Ball
1-1: Fly out, F9 (Flyball, 9S, EV 87.5 MPH)
Bottom of the 8th over - 0 runs, 0 hits, 0 errors, 0 left on base; Reno 7 - Memphis 3
TOP OF THE 9TH
Reno Aces batting - Pitching for Memphis Redbirds : RHP Dave Reisinger
Batting: RHB Danny Gerardo 0-0: Called Strike
0-1: Foul Ball, location: 2F
0-2: Ball
1-2: Strikes out swinging
Batting: LHB Brad Ritter 0-0: Fly out, F6 (Popup, 56D, EV 48.1 MPH)
Batting: RHB Justin Aslinger 0-0: Ball
1-0: Called Strike
1-1: SINGLE (Flyball, 8RS, EV 96.9 MPH)
Batting: LHB Willie Gutierrez 0-0: Swinging Strike
0-1: Ball
Justin Aslinger is caught stealing 2nd base 2-6
Top of the 9th over - 0 runs, 1 hit, 0 errors, 0 left on base; Reno 7 - Memphis 3
BOTTOM OF THE 9TH
Memphis Redbirds batting - Pitching for Reno Aces : RHP Elvis Diaz
Pitching: RHP Rick Foster
Batting: RHB Fabrice Bertin 0-0: Ball
1-0: Called Strike
1-1: Swinging Strike
1-2: Ball
2-2: Ball
3-2: Foul Ball, location: 2F
3-2: Foul Ball, location: 2F
3-2: Strikes out looking
Batting: RHB Mark Cahill 0-0: Ball
1-0: Foul Ball, location: 2F
1-1: Ground out U3 (Groundball, 3, EV 81.2 MPH)
Batting: RHB Joe LaDue 0-0: Ball
1-0: Foul Ball, location: 2F
1-1: Ball
2-1: Swinging Strike
2-2: Strikes out looking
Bottom of the 9th over - 0 runs, 0 hits, 0 errors, 0 left on base; Reno 7 - Memphis 3
Sunday, July 16th , 2023 - OOTP Baseball 24.6 Build 69